 Dungeon Crawl Stone Soup version 0.31-a0-986-g5e6e4ef867 (webtiles) character file.

Game seed: 2939650228451208615

59574 jestert79 the Peltast (level 14, 0/82 HPs)
             Began as an Octopode Shapeshifter on Nov 4, 2023.
             Was an Initiate of Gozag.
             Slain by a basilisk (3 damage)
             ... while petrified by a basilisk
             ... on level 5 of the Lair of Beasts.
             The game lasted 02:28:24 (25898 turns).

jestert79 the Peltast (Octopode Shapeshifter)      Turns: 25898, Time: 02:28:25

Health: 0/82       AC:  8    Str: 14    XL:     14   Next: 95%
Magic:  15/15      EV:  2    Int: 27    God:    Gozag
Gold:   1643       SH:  0    Dex: 20    Spells: 4/15 levels left

rFire   + .          .
                       - Unarmed
rCold   + . .        M - +2 kite shield {AC+3}
rNeg    + + +        (helmet currently unavailable)
rPois   ∞            Q - amulet of reflection
rElec   .            v - +5 ring of evasion
rCorr   .            u - +4 ring of protection
SInv    +            F - ring of Dikuzozi {Wiz rN+ SInv}
Will    +....        j - +6 ring of intelligence
Stlth   +++          R - +6 ring of intelligence
HPRegen 0.33/turn    I - ring of Qatengoy {rF+ Dex+5 SInv}
MPRegen 0.14/turn    L - ring of Cheibriados's Outrage {rC+ rN+ Int+2}
                     N - ring of poison resistance

%: reflection, wizardry (x1)
@: beast-form, petrified, studying Translocations
A: beast (slay +4), almost no armour, amphibious, 8 rings, camouflage 1,
gelatinous body 1, (nimble swimmer 1), tentacles, frail 1
a: Begin Untransformation, Renounce Religion, Potion Petition, Call Merchant,
Bribe Branch


You were on level 5 of the Lair of Beasts.
You worshipped Gozag.
Gozag was most pleased with you.
You were a hulking beast.
You visited 3 branches of the dungeon, and saw 19 of its levels.
You also visited: Gauntlet.

You collected 6842 gold pieces.
You spent 4618 gold pieces at shops.
You paid 581 gold pieces to Gozag.

Inventory:

Hand Weapons
 y - a +0 sling
Missiles
 e - a throwing net
 l - 21 poisoned darts (quivered)
 V - 3 curare-tipped darts
Armour
 M - a +2 kite shield of protection (worn)
Jewellery
 g - a ring of protection from cold
 j - a +6 ring of intelligence (on tentacle)
 p - an amulet of magic regeneration
 u - a +4 ring of protection (right tentacle)
 v - a +5 ring of evasion (left tentacle)
 F - the ring of Dikuzozi (on tentacle) {Wiz rN+ SInv}
   (You bought it in a shop on level 8 of the Dungeon)

   [ring of wizardry]

   Wiz:       It improves your spell success rate.
   rN+:       It protects you from negative energy.
   SInv:      It lets you see invisible.
 H - a ring of resist corrosion
 I - the ring of Qatengoy (on tentacle) {rF+ Dex+5 SInv}
   (You bought it in a shop on level 8 of the Dungeon)

   [ring of see invisible]

   Dex+5:     It affects your dexterity (+5).
   rF+:       It protects you from fire.
   SInv:      It lets you see invisible.
 J - the necklace of Bloodlust {Fury *Rage Will++ Int-3 Slay+6}
   (You found it on level 10 of the Dungeon)

   [amulet of nothing]

   Fury:      It extends the wearer's berserk rage when killing foes.
   Int-3:     It affects your intelligence (-3).
   Slay+6:    It affects your accuracy & damage with ranged weapons and melee
   (+6).
   Will++:    It greatly increases your willpower.
   *Rage:     It berserks you when you make melee attacks (+50% chance).
 L - the ring of Cheibriados's Outrage (on tentacle) {rC+ rN+ Int+2}
   (You bought it in a shop on level 8 of the Dungeon)

   [ring of protection from cold]

   Int+2:     It affects your intelligence (+2).
   rC+:       It protects you from cold.
   rN+:       It protects you from negative energy.
 N - a ring of poison resistance (on tentacle)
 Q - an amulet of reflection (around mantle)
 R - a +6 ring of intelligence (on tentacle)
 U - the ring of Uxtine {Fire Int+2 Dex+2}
   (You found it in a Gauntlet)

   [ring of fire]

   Fire:      It enhances your fire magic.
   Int+2:     It affects your intelligence (+2).
   Dex+2:     It affects your dexterity (+2).
   rF+:       It protects you from fire.
   rC-:       It makes you vulnerable to cold.
Talismans
 b - a beast talisman (active)
 z - a granite talisman
 S - a talisman of death
Wands
 w - a wand of paralysis (5)
 x - a wand of flame (8)
 G - a wand of roots (8)
 K - a wand of polymorph (8)
 Y - a wand of quicksilver (8)
Scrolls
 c - a scroll of blinking
 h - 2 scrolls of fog
 m - a scroll of enchant armour
 n - 2 scrolls of vulnerability
 s - 2 scrolls of revelation
 t - a scroll of brand weapon
 A - 6 scrolls of immolation
 B - 2 scrolls of teleportation
 C - a scroll of amnesia
 O - a scroll of fear
 W - a scroll of poison
Potions
 a - a potion of lignification
 d - 2 potions of heal wounds
 f - 10 potions of curing
 i - a potion of resistance
 k - 3 potions of might
 q - 3 potions of enlightenment
 r - 5 potions of brilliance
 D - 2 potions of cancellation
 P - 4 potions of mutation {unknown}
Miscellaneous
 E - a phial of floods


   Skills:
 - Level 7.2 Fighting
 - Level 7.4 Dodging
 - Level 15.0 Shields
 - Level 12.3 Unarmed Combat
 - Level 1.0 Spellcasting
 - Level 2.5 Conjurations
 - Level 4.4 Hexes
 - Level 3.0 Summonings
 - Level 2.3 Translocations
 - Level 3.0 Fire Magic
 - Level 2.4 Air Magic
 - Level 3.0 Poison Magic
 + Level 14.2 Shapeshifting


You had 4 spell levels left.
You knew the following spells:

 Your Spells              Type           Power      Damage    Failure   Level
a - Apportation           Tloc           28%        N/A       3%          1
b - Summon Small Mammal   Summ           68%        N/A       2%          1
c - Mephitic Cloud        Conj/Pois/Air  15%        N/A       8%          3
d - Inner Flame           Hex/Fire       21%        N/A       5%          3
e - Call Canine Familiar  Summ           17%        N/A       7%          3

Your spell library contained the following spells:

 Spells                   Type           Power      Damage    Failure   Level
 Foxfire                  Conj/Fire      64%        2x1d7     2%          1
 Poisonous Vapours        Pois/Air       32%        N/A       4%          2
 Tukima's Dance           Hex            25%        N/A       4%          3
 Summon Guardian Golem    Hex/Summ       21%        N/A       5%          3
 Cigotuvi's Dreadful Rot  Necr/Pois/Air  22%        N/A       6%          2
 Necrotise                Necr           4%         1d4       8%          1
 Sandblast                Erth           2%         2d4       8%          1
 Gell's Gravitas          Tloc           14%        N/A       9%          3
 Teleport Other           Tloc           14%        N/A       9%          3
 Ignite Poison            Fire/Tmut/Pois 12%        N/A       11%         3
 Passwall                 Tmut/Erth      0%         N/A       12%         2
 Stone Arrow              Conj/Erth      16%        3d8       14%         3
 Dimensional Bullseye     Hex/Tloc       9%         N/A       19%         4
 Frozen Ramparts          Ice            2%         1d1       22%         3
 Flame Wave               Conj/Fire      16%        2d7       24%         4
 Sticky Flame             Conj/Fire      16%        2d4       24%         4
 Iskenderun's Mystic Bla  Conj/Tloc      14%        2d5       26%         4
 Passage of Golubria      Tloc           14%        N/A       28%         4
 Brom's Barrelling Bould  Conj/Erth      8%         2d3       41%         4
 Petrify                  Tmut/Erth      1%         N/A       56%         4
 Silence                  Hex/Air        9%         N/A       45%         5
 Metabolic Englaciation   Hex/Ice        6%         N/A       61%         5
 Freezing Cloud           Conj/Ice/Air   5%         6-21      69%         5
 Starburst                Conj/Fire      8%         6d4       97%         6
 Dispersal                Tloc           7%         N/A       98%         6
 Plasma Beam              Fire/Air       8%         2x1d18    98%         6
 Lehudib's Crystal Spear  Conj/Erth      4%         10d3      100%        8


Dungeon Overview and Level Annotations

Branches:
Dungeon (12/15)            Temple (0/1) D:5            Lair (5/5) D:10
  Swamp (0/4) Lair:3        Snake (0/4) Lair:2          Orc (2/2) D:12
    Elf (0/3) Orc:2       Gauntlet (visited)
  Slime: Lair:4-5

Altars:
Elyvilon
Gozag
Hepliaklqana
Sif Muna
Wu Jian
Yredelemnul
Lugonu

Shops:
D:8 =   D:9 (   Orc:1 ([   Orc:2 ?[([=

Annotations:
Lair:3 exclusion: oklob plant


Innate Abilities, Weirdness & Mutations

You are a hulking beast.
Your limbs bulge with bestial killing power. (Slay +4)
You are immune to poison.
You cannot wear most types of armour.
You are amphibious.
You can wear up to eight rings at the same time.
Your skin changes colour to match your surroundings (Stealth+).
Your rubbery body absorbs attacks. (AC +1, EV +1)
((You are camouflaged when in or above water. (Stealth+)))
You have tentacles for arms and can constrict up to eight enemies at once.
You are frail. (-10% HP)


Message History

The jelly quivers.
The elephant trumpets!
There is a stone staircase leading up here.
You hear a trumpeting! x4
The jelly quivers.
The electric eel shoots out a bolt of lightning at you!
The bolt of electricity hits you! The basilisk gazes at you.
You easily resist.
You have turned to stone.
You stop ascending the stairs.
A jelly comes into view.
An elephant comes into view.
The basilisk bites you but does no damage.
The jelly hits you but does no damage. The jelly hits you.
You are splashed with acid!
The jelly hits you but does no damage. The basilisk bites you!
The basilisk bites you. The jelly hits you but does no damage.
The cane toad stings you. The cane toad stings you.
The jelly hits you but does no damage.
A jelly comes into view.
The basilisk bites you. The cane toad stings you! The elephant tramples you.
You hold your ground!
The elephant trunk-slaps you but does no damage.
The jelly hits you but does no damage. The basilisk bites you!
The cane toad stings you but does no damage.
The elephant tramples you.
You hold your ground!
The elephant trunk-slaps you. The jelly hits you.
You are splashed with acid!
The basilisk hisses menacingly.
The basilisk bites you but does no damage.
The cane toad stings you! The elephant tramples you!
You hold your ground!
The elephant trunk-slaps you. The jelly barely misses you.
The basilisk bites you!
* * * LOW HITPOINT WARNING * * *
The elephant tramples you!
* * * LOW HITPOINT WARNING * * *
You hold your ground!
The elephant trunk-slaps you but does no damage.
The cane toad stings you!!
* * * LOW HITPOINT WARNING * * *
The basilisk bites you!
You die...
Your body crumbles into a pile of gold.

..... ..~~~
..... ..~~
...... ..~###
...... #..~~~~
..#...# ...S~~~
....... .......
.......#FS.....
#...YhlJ.....
#...JY#......
#..JYYY# .....
.......J. ....
#.#...J.. ...
##.....##. ..
....... . .
.#..... ..


You could see 5 elephants, a cane toad, a basilisk, a water moccasin, 5 jellies
and an electric eel.

Vanquished Creatures
  An orc warlord (Orc:2)
  A minotaur (Gauntlet)
  Snorg (Lair:3)
  Josephine (D:10)
  Harold (D:10)
  A hydra (Lair:2)
  Erolcha (D:11)
  2 boulder beetles
  4 two-headed ogres
  2 death scarabs (Gauntlet)
  11 death yaks
  Urug (Lair:3)
  2 orc high priests (Orc:2)
  A spectral catoblepas (Gauntlet)
  A skyshark (Lair:2)
  2 glowing orange brains (Gauntlet)
  3 orc knights
  Pikel (D:7)
  An ugly thing (Gauntlet)
  A spectral boulder beetle (Gauntlet)
  2 cyclopes
  2 manticores (Orc:2)
  3 elephants
  A moth of wrath (Gauntlet)
  3 black mambas
  A gargoyle (D:10)
  2 orange demons
  8 cane toads
  5 kobold demonologists (D:11)
  A rime drake (Lair:3)
  15 komodo dragons
  2 polar bears
  3 trolls
  Prince Ribbit (D:6)
  A hornet (D:9)
  16 blink frogs
  A centaur simulacrum (D:12)
  2 shadows (D:10)
  3 wyverns
  7 wraiths
  Eustachio (D:6)
  2 vampires
  37 yaks
  2 steam dragons
  Menkaure (D:7)
  3 vampire mosquitoes
  2 wargs (Orc:1)
  Edmund (D:5)
  An acid dragon (D:10)
  15 water moccasins
  5 ice beasts
  2 sky beasts (D:7)
  33 orc warriors
  2 black bears
  7 centaurs
  7 wolves
  5 ogres
  A phantom (D:6)
  3 lemures
  2 kobold brigands
  2 gnoll sergeants (D:10)
  21 bullfrogs
  5 scorpions
  3 wights (D:8)
  3 killer bees (D:9)
  3 electric eels
  A howler monkey (D:8)
  7 hounds
  28 orc priests
  A gnoll bouda (Orc:1)
  7 hell rats (Lair:3)
  4 iguanas
  3 sleepcaps
  25 orc wizards
  Robin (D:2)
  12 gnolls
  4 adders
  A shadow imp (D:6)
  4 white imps
  A worm (D:2)
  A dart slug (D:4)
  81 orcs
  2 endoplasms
  4 giant cockroaches
  15 goblins
  6 hobgoblins
  7 jackals
  5 quokkas
  4 ball pythons
  3 bats
  4 frilled lizards
  14 kobolds
  3 rats
  A butterfly (Lair:3)
536 creatures vanquished.

Vanquished Creatures (collateral kills)
  An orange demon (Orc:2)
  A troll (Orc:1)
  A bullfrog (Lair:3)
  A scorpion (Orc:2)
  A white imp (D:12)
  An orc (Orc:2)
6 creatures vanquished.

Grand Total: 542 creatures vanquished

Notes
Turn   | Place    | Note
-------+----------+-------------------------------------------
     0 | D:1      | jestert79 the Octopode Shapeshifter began the quest for the
                  | Orb.
     0 | D:1      | Reached XP level 1. HP: 13/13 MP: 1/1
   155 | D:1      | Reached XP level 2. HP: 17/18 MP: 2/2
   663 | D:1      | Learned a level 1 spell: Apportation
   713 | D:1      | Reached XP level 3. HP: 17/23 MP: 3/3
   846 | D:2      | Noticed Robin
   850 | D:2      | Identified the +12 hand axe "Masiulec" {speed, Contam
                  | Int+4}
   853 | D:2      | Killed Robin
  1051 | D:2      | Reached XP level 4. HP: 28/28 MP: 4/4
  1499 | D:2      | Learned a level 1 spell: Summon Small Mammal
  2155 | D:3      | Reached XP level 5. HP: 33/33 MP: 5/5
  2252 | D:3      | Reached skill level 5 in Unarmed Combat
  2263 | D:3      | Found an ornate altar of the Wu Jian Council.
  2265 | D:3      | Found an opulent altar of Gozag.
  2272 | D:3      | Became a worshipper of Gozag Ym Sagoz the Greedy
  2786 | D:4      | Reached XP level 6. HP: 35/38 MP: 6/6
  2933 | D:5      | Entered Level 5 of the Dungeon
  3290 | D:5      | Found a hazy altar of Hepliaklqana.
  3371 | D:5      | Found a staircase to the Ecumenical Temple.
  3406 | D:5      | Reached XP level 7. HP: 43/43 MP: 7/7
  3709 | D:6      | Identified the "Piatuler"
  3709 | D:6      | Identified the "Gesk"
  3709 | D:6      | Identified the of Vekh
  3709 | D:6      | Noticed Edmund
  3793 | D:6      | Reached skill level 5 in Shapeshifting
  4012 | D:6      | Found a shimmering blue altar of Sif Muna.
  4178 | D:5      | Killed Edmund
  4220 | D:6      | Reached XP level 8. HP: 36/48 MP: 8/8
  4397 | D:6      | Noticed Eustachio
  4480 | D:6      | Killed Eustachio
  4586 | D:6      | Noticed Prince Ribbit
  4590 | D:6      | Killed Prince Ribbit
  4591 | D:6      | Reached skill level 1 in Shields
  5011 | D:6      | Reached skill level 2 in Shields
  5173 | D:7      | Reached XP level 9. HP: 55/55 MP: 9/9
  5689 | D:7      | Noticed Menkaure
  5700 | D:7      | Noticed Pikel
  5883 | D:7      | Reached skill level 3 in Shields
  6148 | D:7      | Killed Menkaure
  6269 | D:7      | Killed Pikel
  6642 | D:8      | Reached skill level 10 in Unarmed Combat
  7000 | D:8      | Noticed a two-headed ogre
  7103 | D:8      | Reached XP level 10. HP: 63/63 MP: 10/10
  7331 | D:8      | Killed a two-headed ogre
  7453 | D:8      | Found a white marble altar of Elyvilon.
  7524 | D:9      | Found Fuitoen's Antique Weapon Emporium.
  7646 | D:8      | Bought a +4 ring of protection for 432 gold pieces
  8025 | D:9      | Noticed a boulder beetle
  8045 | D:9      | Killed a boulder beetle
  8876 | D:9      | Reached skill level 10 in Shapeshifting
  8963 | D:10     | Entered Level 10 of the Dungeon
  8995 | D:10     | Learned a level 3 spell: Mephitic Cloud
  9023 | D:10     | Noticed Harold
  9311 | D:10     | Reached skill level 1 in Translocations
  9311 | D:10     | Reached XP level 11. HP: 68/70 MP: 11/11
  9420 | D:10     | Killed Harold
  9421 | D:10     | Reached skill level 5 in Dodging
  9438 | D:10     | Noticed Josephine
  9546 | D:9      | Identified 2 scrolls of acquirement
  9546 | D:9      | Acquired a manual of Shields
  9754 | D:9      | Found the +7 staff of the Meek {protect, meekguard}
 10015 | D:10     | Reached skill level 5 in Fighting
 10028 | D:10     | Reached skill level 1 in Summonings
 10687 | D:10     | Killed Josephine
 10973 | D:8      | Bought the ring of Dikuzozi {Wiz rN+ SInv} for 544 gold
                  | pieces
 11288 | D:11     | Acquired 1121 gold pieces
 11347 | D:8      | Bought a +6 ring of intelligence for 432 gold pieces
 11347 | D:8      | Bought a ring of resist corrosion for 240 gold pieces
 11349 | D:8      | Bought the ring of Qatengoy {rF+ Dex+5 SInv} for 474 gold
                  | pieces
 11439 | D:10     | Found the necklace of Bloodlust {Fury *Rage Will++ Int-3
                  | Slay+6}
 11587 | D:10     | Reached skill level 1 in Poison Magic
 11592 | D:10     | Reached skill level 1 in Conjurations
 11597 | D:10     | Reached skill level 1 in Spellcasting
 11597 | D:10     | Reached skill level 1 in Air Magic
 11618 | D:10     | Learned a level 3 spell: Inner Flame
 11780 | D:10     | Found a staircase to the Lair.
 11855 | Lair:1   | Entered Level 1 of the Lair of Beasts
 11880 | Lair:1   | Noticed a death yak
 11880 | Lair:1   | Noticed a death yak
 11880 | Lair:1   | Noticed a death yak
 11904 | Lair:1   | Noticed a death yak
 12154 | D:11     | Reached skill level 1 in Fire Magic
 12159 | D:11     | Reached skill level 1 in Hexes
 12484 | D:11     | Reached XP level 12. HP: 78/78 MP: 9/13
 12550 | D:11     | Found a corrupted altar of Lugonu.
 12830 | D:11     | Noticed a boulder beetle
 12866 | D:11     | Killed a boulder beetle
 13211 | D:12     | Noticed a boulder beetle
 13362 | D:11     | Noticed a two-headed ogre
 13373 | D:11     | Killed a two-headed ogre
 13453 | D:12     | Noticed Erolcha
 13624 | D:11     | Killed Erolcha
 13625 | D:11     | Reached skill level 4 in Shields
 13698 | D:11     | Learned a level 3 spell: Call Canine Familiar
 13858 | D:8      | Bought the ring of Cheibriados's Outrage {rC+ rN+ Int+2}
                  | for 484 gold pieces
 14026 | D:12     | Found a staircase to the Orcish Mines.
 14180 | D:12     | Noticed a centaur warrior
 14225 | Orc:1    | Entered Level 1 of the Orcish Mines
 14232 | Orc:1    | Found Urytoug's Antique Armour Emporium.
 14446 | Orc:1    | Found Kovej's Book Boutique.
 14495 | Orc:1    | Bought a shiny kite shield for 247 gold pieces
 14548 | Orc:1    | Noticed a two-headed ogre
 14555 | Orc:1    | Reached skill level 5 in Shields
 14571 | Orc:1    | Killed a two-headed ogre
 14572 | Orc:1    | Reached skill level 6 in Shields
 14735 | Orc:1    | Reached skill level 7 in Shields
 14881 | Orc:1    | Found Duwoxtuv's Weapon Boutique.
 15005 | Orc:2    | Entered Level 2 of the Orcish Mines
 15057 | Orc:1    | Reached skill level 8 in Shields
 15295 | Orc:2    | Noticed a two-headed ogre
 15326 | Orc:1    | Killed a two-headed ogre
 15327 | Orc:1    | Reached skill level 9 in Shields
 15903 | Orc:2    | Found a staircase to the Elven Halls.
 15990 | Orc:2    | Reached skill level 10 in Shields
 16229 | Orc:2    | Found Evaucs's Magic Scroll Shop.
 16238 | Orc:2    | Bought a scroll of identify for 20 gold pieces
 16238 | Orc:2    | Bought a scroll of identify for 20 gold pieces
 16238 | Orc:2    | Bought a scroll of blinking for 75 gold pieces
 16297 | Orc:2    | Reached skill level 11 in Shields
 16353 | Orc:2    | Found Zuam Jih's Jewellery Emporium.
 16514 | Orc:2    | Bought a granite talisman for 900 gold pieces
 16566 | Orc:2    | Reached XP level 13. HP: 84/84 MP: 7/14
 16657 | Orc:2    | Gained mutation: You are frail. (-10% HP) [a neqoxec]
 16773 | Orc:2    | Found Vuyklueq's Antique Armour Boutique.
 16901 | Orc:2    | Reached skill level 12 in Shields
 17334 | Orc:1    | Reached skill level 13 in Shields
 17803 | Orc:2    | Bought a ring of poison resistance for 300 gold pieces
 18179 | Orc:2    | Noticed an orc warlord
 18503 | Orc:2    | Killed an orc warlord
 18630 | Orc:2    | Found Udwit's Antique Armour Emporium.
 18632 | Orc:2    | Found Qohilor's Antique Weapon Shoppe.
 18945 | Lair:1   | Reached skill level 14 in Shields
 19756 | Orc:2    | Bought an amulet of reflection for 450 gold pieces
 20674 | Lair:2   | Found a gate leading to a gauntlet.
 20684 | Gauntlet | Entered a Gauntlet
 20684 | Gauntlet | Found a transporter.
 20684 | Gauntlet | Found a transporter.
 20696 | Gauntlet | Found a transporter.
 20714 | Gauntlet | Found a transporter.
 20714 | Gauntlet | Found a transporter.
 20714 | Gauntlet | Found a transporter.
 20716 | Gauntlet | Found a transporter.
 20716 | Gauntlet | Found a transporter.
 20729 | Gauntlet | Found a transporter.
 20748 | Gauntlet | Found a transporter.
 20754 | Gauntlet | Found a transporter.
 20758 | Gauntlet | Found a runed translucent door.
 20772 | Gauntlet | Found a transporter.
 20789 | Gauntlet | Found a transporter.
 20801 | Gauntlet | Found a transporter.
 21117 | Gauntlet | Reached XP level 14. HP: 82/82 MP: 15/15
 21283 | Gauntlet | Reached skill level 15 in Shields
 21289 | Gauntlet | Identified the ring of Uxtine {Fire Int+2 Dex+2}
 21811 | Lair:2   | Found a staircase to the Snake Pit.
 22864 | Lair:3   | Noticed Snorg
 23292 | Lair:3   | Killed Snorg
 23443 | Lair:3   | Found a basalt altar of Yredelemnul.
 23527 | Lair:3   | Found a staircase to the Swamp.
 23617 | Lair:3   | Noticed Urug
 23631 | Lair:3   | Killed Urug
 25630 | Lair:5   | Entered Level 5 of the Lair of Beasts
 25897 | Lair:5   | HP: 2/82 [cane toad (10)]
 25898 | Lair:5   | Slain by a basilisk

Illustrated notes

Levels and vault maps discovered:
D:1:      giann_bridges, layout_loops_ring, serial_bayou_pond_d
D:2:      layout_rooms, minmay_worlds_worst_comb, uniq_robin
D:3:      layout_rooms, mainiacjoe_overflow_big_doors, grunt_decor_mini_mirrors,
          minmay_misc_feat_roman, minmay_misc_feat_nine_boxes
D:4:      layout_loops_ring
D:5:      layout_cave_pools, general_overflow_altar, minmay_temple_entry_fiery,
          nicolae_fountain_basement
D:6:      layout_loops_corners, nicolae_sif_muna_little_library,
          uniq_prince_ribbit1, uniq_edmund, uniq_eustachio
D:7:      layout_loops_ring, uniq_menkaure, uniq_pikel
D:8:      layout_rooms, elyvilon_altar_5
D:9:      layout_roguey, serial_shops, shop, pf_guarded_unrand_meek
D:10:     minmay_spotlight, layout_basic, grunt_lair_entry_orc_guard_hut,
          hellmonk_guarded_unrand_vitality_bloodlust, uniq_harold,
          uniq_josephine
D:11:     kennysheep_kobold_lugonu_temple, layout_loops_ring
D:12:     layout_cave_pods, orc_0_dummy, serial_ice, serial_ice_f, serial_ice_h,
          serial_ice_c, serial_ice_o, serial_ice_g, uniq_erolcha
Lair:1:   layout_chaotic_city
Lair:2:   layout_roguey, dummy_snake_entry, gauntlet_entry_generic,
          hangedman_lair_unloving_vines, chequers_serial_rivers_micro_e,
          beast_lair_carwin_4, serial_bayou_shore_a, serial_bayou_shore_b
Lair:3:   layout_big_grid, minmay_swamp_entry_reptiles, basic_altar,
          serial_bayou_pond_b, grunt_megastairs_1, lemuel_fruit_fields,
          serial_bayou_shore_b, uniq_urug, uniq_snorg
Lair:4:   layout_cave_pods, lemuel_fruit_tree
Lair:5:   due_jungle_book, layout_gridlike, nicolae_slime_entry_field_trip
Orc:1:    layout_caves, serial_shops, nicolae_shop_bloodbath_and_beyond, shop,
          nicolae_shop_hallway_plus, shop, nicolae_shop_crystal,
          dreamdust_deal_with_the_devil
Orc:2:    grunt_orc_community_town_hall, layout_caves,
          grunt_orc_community_big_house_1, grunt_orc_community_big_house_1,
          grunt_orc_community_house_3, grunt_orc_community_house_2,
          grunt_orc_community_house_2, grunt_orc_community_house_3,
          grunt_orc_community_house_3, serial_shops,
          nicolae_shop_tiny_real_fake_doors, einodemon_barbed_minivault

Skill      XL: |  1  2  3  4  5  6  7  8  9 10 11 12 13 14 |
---------------+-------------------------------------------+-----
Unarmed Combat | 4 5 6 7 9 10 11 12 | 12.3
Shapeshifting  | 4 5 6 10 14 | 14.2
Shields        | 2 3 11 14 15 | 15.0
Fighting       | 2 4 5 6 7 |  7.2
Dodging        | 3 4 6 7 |  7.4
Translocations | 1 2 |  2.3
Summonings     | 2 3 |  3.0
Poison Magic   | 3 |  3.0
Conjurations   | 2 |  2.5
Spellcasting   | 1 |  1.0
Air Magic      | 2 |  2.4
Fire Magic     | 1 3 |  3.0
Hexes          | 1 4 |  4.4

Action                     |  1- 3 |  4- 6 |  7- 9 | 10-12 | 13-15 || total
---------------------------+-------+-------+-------+-------+-------++-------
  Melee: Unarmed           |    58 |    87 |   176 |   550 |   590 ||  1461
         Constrict         |    11 |    21 |    45 |    86 |   102 ||   265
         Tentacles         |     8 |    18 |    44 |   163 |   204 ||   437
         Punch             |     3 |     3 |    16 |    62 |    88 ||   172
  Throw: Dart              |       |    26 |    29 |    15 |       ||    70
         Stone             |       |       |     9 |       |       ||     9
   Cast: Mephitic Cloud    |       |       |       |    19 |    21 ||    40
         Summon Small Mamm |       |       |       |    10 |    17 ||    27
         Inner Flame       |       |       |       |    11 |    26 ||    37
         Call Canine Famil |       |       |       |     6 |    18 ||    24
 Invoke: Call Merchant     |       |       |     1 |       |       ||     1
  Evoke: Wand              |       |       |    11 |    16 |     1 ||    28
         Phial of floods   |       |       |       |     1 |       ||     1
    Use: Scroll            |       |       |    11 |    13 |     6 ||    30
         Potion            |       |       |       |     5 |     4 ||     9
   Stab: Sleeping          |     3 |     8 |     3 |     2 |     5 ||    21
         Distracted        |     1 |       |     2 |     3 |     4 ||    10
         Confused          |       |       |       |    11 |     8 ||    19
 Armour: Skin              |    18 |    24 |    51 |   145 |   142 ||   380
  Dodge: Dodged            |    30 |    31 |   103 |   279 |   162 ||   605
  Block: Buckler           |       |    13 |    38 |    97 |       ||   148
         Kite shield       |       |       |       |    91 |   385 ||   476
   Form: Beast             |       |       |       |     1 |     1 ||     2
         Maw               |       |       |       |     1 |       ||     1
         Flux              |       |       |       |     1 |       ||     1
         Statue            |       |       |       |       |     1 ||     1

Table legend: (Time is in decaauts)
 A = Elapsed time spent in this place.
 B = Non-inter-level travel time spent in this place.
 C = Inter-level travel time spent in this place.
 D = Time resting spent in this place.
 E = Time spent auto-exploring this place.
 F = Levels seen in this place.
 G = Mean time per level.
                   A        B        C        D        E       F      G
               +--------+--------+--------+--------+--------+-----+--------+
         Total |  25811 |  23211 |   2600 |   5283 |   8938 |  20 | 1290.6 |
       Dungeon |  14512 |  13008 |   1504 |   2839 |   5991 |  12 | 1209.3 |
          Lair |   5942 |   5563 |    379 |   1279 |   1877 |   5 | 1188.4 |
  Orcish Mines |   4523 |   3807 |    716 |    984 |    882 |   2 | 2261.5 |
      Gauntlet |    833 |    833 |      0 |    180 |    188 |   1 |  833.0 |
               +--------+--------+--------+--------+--------+-----+--------+

Top non-repeatable levels by time:
   Orc:2: 2853 daAuts
    D:10: 2044 daAuts
     D:9: 1799 daAuts
    D:11: 1706 daAuts
   Orc:1: 1670 daAuts
  Lair:2: 1606 daAuts
  Lair:1: 1556 daAuts
     D:8: 1535 daAuts
  Lair:4: 1484 daAuts
     D:6: 1394 daAuts
     D:7: 1329 daAuts
  Lair:3: 1244 daAuts
     D:5: 932 daAuts
Gauntlet: 833 daAuts
    D:12: 823 daAuts
